 Dungeon Crawl Stone Soup version 0.25-a0-178-gc9f82b1288 (webtiles) character file.

Game seed: 6036209944942630549, levelgen mode: deterministic

14 vurker the Gusty (level 2, -5/16 HPs)
             Began as a Tengu Air Elementalist on Nov 26, 2019.
             Slain by an ogre
             ... wielding a +0 giant club
              (21 damage)
             ... on level 2 of the Dungeon.
             The game lasted 00:01:03 (986 turns).

vurker the Gusty (Tengu Air Elementalist)            Turns: 986, Time: 00:01:03

Health: -5/16      AC:  2    Str:  8    XL:     2   Next: 45%
Magic:  1/6        EV: 12    Int: 15    God:
Gold:   18         SH:  0    Dex: 14    Spells: 4/5 levels left

rFire    . . .     SeeInvis .   (no weapon)
rCold    . . .     Gourm    .   (no shield)
rNeg     . . .     Faith    .   a - +0 robe
rPois    .         Spirit   .   (helmet restricted)
rElec    .         Reflect  .   (no cloak)
rCorr    .         Harm     .   (no gloves)
MR       .....                  (boots unavailable)
Stlth    ++........             (no amulet)
HPRegen  0.05/turn              (no ring)
MPRegen  0.10/turn              (no ring)

@: very slightly contaminated
A: beak, talons 3
a: no special abilities


You were on level 2 of the Dungeon.
You were hungry.

You visited 1 branch of the dungeon, and saw 2 of its levels.

You collected 18 gold pieces.

Inventory:

Armour
 a - a +0 robe (worn)
Jewellery
 d - an uncursed ring of magical power {unknown}
   (You found it on level 1 of the Dungeon)
Scrolls
 g - a scroll of fog {unknown}
Potions
 b - a potion of ambrosia {unknown}
 f - 2 potions of agility {unknown}
Comestibles
 e - 4 rations


   Skills:
 + Level 0.3 Fighting
 - Level 2.1 Dodging
 - Level 2.0 Stealth
 * Level 2.2 Spellcasting
 * Level 2.1 Conjurations
 * Level 4.3 Air Magic


You had 4 spell levels left.
You knew the following spells:

 Your Spells              Type           Power        Failure   Level  Hunger
a - Shock                 Conj/Air       ##..         6%          1    #......

Your spell library contained the following spells:

 Spells                   Type           Power        Failure   Level  Hunger
 Swiftness                Chrm/Air       #.......     14%         2    ###....
 Static Discharge         Conj/Air       ##......     17%         3    ###....
 Airstrike                Air            ##........   36%         4    #####..
 Lightning Bolt           Conj/Air       ##........   85%         5    ######.


Dungeon Overview and Level Annotations

Branches:
Dungeon (2/15)

Altars:


Innate Abilities, Weirdness & Mutations

You have a beak for a mouth.
You have claws for feet.


Message History

The zap hits the kobold.
Aim: a kobold (severely wounded)
The zap misses the kobold.
Aim: a kobold (severely wounded)
The zap hits the kobold.
You kill the kobold!
You can't see any susceptible monsters within range! (Use Z to cast anyway.) All of the chunks of flesh in your inventory have rotted away.
You see here a dagger.
Found a stone staircase leading up.
Found 5 gold pieces.
A kobold comes into view.
A kobold is nearby!
A kobold is nearby!
Aim: a kobold (resting)
The zap hits the kobold.
You kill the kobold!
You can't see any susceptible monsters within range! (Use Z to cast anyway.)
Found 25 stones.
You now have 18 gold pieces (gained 5).
Things that are here:
3 stones; a kobold corpse An ogre comes into view.
It is wielding a +0 giant club.
You are feeling hungry.
The ogre shouts!
Found 13 stones.
An ogre is nearby!
Aim: an ogre, wielding a +0 giant club The zap hits the ogre.
Aim: an ogre, wielding a +0 giant club (lightly wounded)
The zap hits the ogre.
Aim: an ogre, wielding a +0 giant club (moderately wounded)
The zap hits the ogre.
Aim: an ogre, wielding a +0 giant club (moderately wounded)
The zap misses the ogre.
Aim: an ogre, wielding a +0 giant club (moderately wounded)
The zap misses the ogre.
Aim: an ogre, wielding a +0 giant club (moderately wounded)
The zap hits the ogre.
You don't have enough magic to cast that spell.
You see here a dagger.
Aim: an ogre, wielding a +0 giant club (moderately wounded)
You miscast Shock.
You are very lightly contaminated with residual magic.
Nothing appears to happen.
The ogre closely misses you.
Aim: an ogre, wielding a +0 giant club (moderately wounded)
The zap hits the ogre. x2
The ogre hits you with a +0 giant club!!
Ouch! That really hurt!
You die...

#...# #...#
############...#
#..........#...#
#.########)#...#
#.#......#.#...#
#.#.####.#.#...#
#.#<.....#.#...##
#@#.######.#....#
#O#........#...##
#.##########...<#
#.....).......###
#############.#
#.# #.# #.# #.#


You could see an ogre.

Vanquished Creatures
  A dart slug (D:1)
  A giant cockroach (D:1)
  2 hobgoblins (D:1)
  2 kobolds (D:2)
  4 bats (D:1)
  3 rats (D:1)
13 creatures vanquished.

Notes
Turn   | Place    | Note
-------+----------+-------------------------------------------
     0 | D:1      | vurker the Tengu Air Elementalist began the quest for the
                  | Orb.
     0 | D:1      | Reached XP level 1. HP: 10/10 MP: 4/4
   326 | D:1      | Reached XP level 2. HP: 15/15 MP: 0/6
   953 | D:2      | Noticed an ogre
   986 | D:2      | Slain by an ogre

Levels and vault maps discovered:
D:1:      dpeg_arrival_water_altar, layout_loops_ring
D:2:      layout_basic, serial_bayou, serial_bayou_crossing,
          serial_bayou_lake_a, serial_bayou_ford_a, serial_bayou_pond_e,
          nemelex_spade_bored_becter

Skill      XL: |  1  2 |
---------------+-------+-----
Conjurations   | 2 |  2.1
Fighting       | |  0.3
Dodging        | |  2.1
Stealth        | |  2.0
Spellcasting   | |  2.2
Air Magic      | |  4.3

Action                   || total
-------------------------++-------
Melee: Unarmed           ||     1
 Cast: Shock             ||    33
Dodge: Dodged            ||     1

Table legend:
 A = Non-vault XP
 B = Vault XP
 C = Vault XP percentage of total XP
 D = Non-vault monster count
 E = Vault monster count
 F = Vault count percentage of total count
                 A         B        C        D         E       F
            +---------+---------+-------+---------+---------+-------
      Total |      21 |       0 |   0.0 |      13 |       0 |   0.0
            +---------+---------+-------+---------+---------+-------
        D:1 |      18 |       0 |   0.0 |      11 |       0 |   0.0
        D:2 |       3 |       0 |   0.0 |       2 |       0 |   0.0
            +---------+---------+-------+---------+---------+-------
